[Event "Swiss Championship 2024"]
[Site "Flims"]
[Date "2024.07.13"]
[Round "1.1"]
[White "Peng, Li Min"]
[Black "Bogner, Sebastian"]
[Result "1/2-1/2"]
[ECO "A20"]
[WhiteElo "2562"]
[BlackElo "2547"]
[Annotator "ChessBase"]
[PlyCount "83"]
[EventDate "2024.07.10"]
[EventType "tourn"]
[EventCountry "SUI"]
[SourceTitle "playchess.com"]
[Source "ChessBase"]
[SourceQuality "1"]
[TimeControl "40/5400+30:1800+30"]

1. c4 e5 2. Nf3 Nc6 3. g3 e4 4. Nh4 Nf6 5. Bg2 g5 6. Nf5 d5 7. cxd5 Qxd5 8. Ne3 Qe5 9. Nc3 Be6 10. b3 O-O-O 11. Bb2 Be7 12. Qb1 Bc5 13. Nxe4 Bd4 14. Bxd4 Nxd4 15. Nxf6 Qxf6 16. Qd1 Rhe8 17. O-O h5 18. Rc1 h4 19. f4 hxg3 20. hxg3 gxf4 21. Rxf4 Qg5 22. Qe1 Rg8 23. Nf1 Bg4 24. Kf2 Ne6 25. Re4 Qf6+ 26. Kg1 Nd4 27. Qf2 Qb6 28. Re1 f5 29. Re5 f4 30. gxf4 Bf3 31. Ne3 Bxg2 32. Nxg2 Qh6 33. Rg5 Rxg5 34. fxg5 Qxg5 35. e3 Nf5 36. Rc1 Ng3 37. Qf3 Rxd2 38. Rc4 Ne2+ 39. Kf1 Ng3+ 40. Kg1 Ne2+ 41. Kf1 Ng3+ 42. Kg1 1/2-1/2

[Event "Swiss Championship 2024"]
[Site "Flims"]
[Date "2024.07.13"]
[Round "1.2"]
[White "Stijve, Theo"]
[Black "Fischer, Daniel"]
[Result "1/2-1/2"]
[ECO "B33"]
[WhiteElo "2328"]
[BlackElo "2372"]
[Annotator "ChessBase"]
[PlyCount "68"]
[EventDate "2024.07.10"]
[EventType "tourn"]
[EventCountry "SUI"]
[SourceTitle "playchess.com"]
[Source "ChessBase"]
[SourceQuality "1"]
[TimeControl "40/5400+30:1800+30"]

1. e4 c5 2. Nf3 Nc6 3. d4 cxd4 4. Nxd4 Nf6 5. Nc3 e5 6. Nde2 Bc5 7. Ng3 O-O 8. Bc4 d6 9. Bg5 h6 10. Bxf6 Qxf6 11. O-O Be6 12. Nd5 Qg5 13. c3 a6 14. a4 g6 15. b4 Ba7 16. Ba2 Rac8 17. Qd3 Ne7 18. Ne2 Nxd5 19. Bxd5 Qe7 20. Rad1 Bg4 21. c4 Bxe2 22. Qxe2 Kg7 23. Kh1 f5 24. exf5 Rxf5 25. f4 Rcf8 26. fxe5 Rxe5 27. Qb2 Rf6 28. h3 Be3 29. Rxf6 Qxf6 30. Bxb7 Bb6 31. Qd2 a5 32. b5 Qh4 33. Bd5 Re3 34. Qb2+ Kh7 1/2-1/2

[Event "Swiss Championship 2024"]
[Site "Flims"]
[Date "2024.07.13"]
[Round "1.3"]
[White "Wyss, Jonas"]
[Black "Baenziger, Fabian"]
[Result "1/2-1/2"]
[ECO "C11"]
[WhiteElo "2291"]
[BlackElo "2410"]
[Annotator "ChessBase"]
[PlyCount "118"]
[EventDate "2024.07.10"]
[EventType "tourn"]
[EventCountry "SUI"]
[SourceTitle "playchess.com"]
[Source "ChessBase"]
[SourceQuality "1"]
[TimeControl "40/5400+30:1800+30"]

1. e4 e6 2. d4 d5 3. Nc3 Nf6 4. e5 Nfd7 5. f4 c5 6. Nf3 Nc6 7. Be3 a6 8. Qd2 b5 9. dxc5 Bxc5 10. Bd3 Qb6 11. Bf2 Bb7 12. O-O h6 13. Rae1 Bxf2+ 14. Qxf2 Qxf2+ 15. Kxf2 Ke7 16. Ne2 g5 17. g3 Rhg8 18. Rg1 f6 19. exf6+ Kxf6 20. Ned4 Nxd4 21. Nxd4 Nc5 22. b4 Ne4+ 23. Bxe4 dxe4 24. Nb3 Bd5 25. Nc5 Kf5 26. fxg5 hxg5 27. Ke3 a5 28. a3 axb4 29. axb4 Ra3+ 30. Kd4 Rd8 31. Ref1+ Rf3 32. Rxf3+ exf3 33. g4+ Kg6 34. Nd3 Rh8 35. Rh1 Kf6 36. Ke3 Rc8 37. Rc1 Rc4 38. h3 e5 39. c3 Ke7 40. Nf2 Kd6 41. Nd3 Bc6 42. Nc5 Bd5 43. Nd3 Re4+ 44. Kxf3 Rxb4+ 45. Kf2 Rb3 46. Ke3 Bc4 47. Nb4 Rb2 48. Rd1+ Ke6 49. Nd3 Bxd3 50. Rxd3 Rh2 51. Ke4 Rh1 52. Re3 Rf1 53. Re2 Rf4+ 54. Ke3 Kd5 55. Rb2 Kc5 56. Rb1 Ra4 57. Kd3 Rf4 58. Ke3 Ra4 59. Kd3 Rf4 1/2-1/2

[Event "Swiss Championship 2024"]
[Site "Flims"]
[Date "2024.07.13"]
[Round "1.4"]
[White "Kurmann, Oliver"]
[Black "Georgiadis, Nico"]
[Result "0-1"]
[ECO "B28"]
[WhiteElo "2428"]
[BlackElo "2512"]
[Annotator "ChessBase"]
[PlyCount "122"]
[EventDate "2024.07.10"]
[EventType "tourn"]
[EventCountry "SUI"]
[SourceTitle "playchess.com"]
[Source "ChessBase"]
[SourceQuality "1"]
[TimeControl "40/5400+30:1800+30"]

1. e4 c5 2. Nf3 a6 3. Nc3 b5 4. d4 cxd4 5. Nxd4 Bb7 6. Bd3 g6 7. O-O Bg7 8. Be3 Nc6 9. Nb3 Nf6 10. Nc5 Bc8 11. a4 b4 12. Nd5 d6 13. Nb3 Nxd5 14. exd5 Ne5 15. Be2 Qc7 16. Bd4 O-O 17. c4 bxc3 18. Bxc3 Qb6 19. Na5 Bd7 20. Qb3 Qxb3 21. Nxb3 Rfc8 22. Rfc1 Bf5 23. Nd4 Be4 24. f4 Nd3 25. Bxd3 Bxd4+ 26. Bxd4 Bxd3 27. Rc6 Be4 28. Rac1 Re8 29. Rc7 Bxd5 30. Kf2 Rab8 31. a5 f5 32. Bb6 Rb7 33. Rxb7 Bxb7 34. Rc7 Be4 35. Rd7 Kf7 36. Rd8 Rxd8 37. Bxd8 g5 38. g3 gxf4 39. gxf4 Ke6 40. Ke3 Kd7 41. Bb6 e5 42. Ba7 Kc7 43. Bb6+ Kc6 44. Bd8 exf4+ 45. Kxf4 Kb5 46. Bc7 Kc5 47. Bb8 d5 48. Ba7+ Kb4 49. Bb6 Kb3 50. Bd4 Kc4 51. Ba7 d4 52. Bb6 d3 53. Ke3 Kb3 54. Kd2 Kxb2 55. Be3 Kb3 56. Bb6 f4 57. Bd4 Kb4 58. Bc3+ Kc4 59. Be5 f3 60. Ke3 Kb4 61. Kd4 Kb3 0-1

[Event "Swiss Championship 2024"]
[Site "Flims"]
[Date "2024.07.13"]
[Round "1.5"]
[White "Georgiadis, Ioannis"]
[Black "Klauser, Markus"]
[Result "1/2-1/2"]
[ECO "A29"]
[WhiteElo "2483"]
[BlackElo "2358"]
[Annotator "ChessBase"]
[PlyCount "164"]
[EventDate "2024.07.10"]
[EventType "tourn"]
[EventCountry "SUI"]
[SourceTitle "playchess.com"]
[Source "ChessBase"]
[SourceQuality "1"]
[TimeControl "40/5400+30:1800+30"]

1. c4 e5 2. Nc3 Nf6 3. Nf3 Nc6 4. g3 Nd4 5. Bg2 Nxf3+ 6. Bxf3 Bb4 7. Qb3 a5 8. O-O O-O 9. d3 h6 10. Na4 Be7 11. d4 e4 12. Bg2 Re8 13. Nc3 Bb4 14. Bf4 Bxc3 15. Qxc3 d5 16. c5 c6 17. h3 Bf5 18. g4 Bh7 19. a4 Nd7 20. Qg3 Nf8 21. Bc7 Qd7 22. Rfd1 Re6 23. Bb6 f5 24. Qc7 Qe8 25. Ra3 Re7 26. Qg3 Ne6 27. gxf5 Bxf5 28. Qd6 Rf7 29. Rg3 Rf6 30. Qe5 Qf7 31. Kh2 Re8 32. Rg1 Bh7 33. Bxa5 Nf4 34. Qc7 Qxc7 35. Bxc7 Nxe2 36. Be5 Rf7 37. Re3 Nxg1 38. Kxg1 Bf5 39. Rb3 g5 40. Bf1 Bc8 41. Be2 Ref8 42. Bd6 Rxf2 43. Bxf8 Rxe2 44. Bxh6 Rd2 45. Bxg5 Rxd4 46. a5 Ra4 47. a6 Rxa6 48. Ra3 Rxa3 49. bxa3 Kf7 50. Be3 Bxh3 51. Kf2 Bc8 52. Bd4 Ke6 53. Ke3 b6 54. Kd2 bxc5 55. Bxc5 Ke5 56. Kc3 Ba6 57. Ba7 Kf4 58. Kd2 e3+ 59. Bxe3+ Ke4 60. Bc5 d4 61. a4 Kd5 62. Ba3 c5 63. Kc2 c4 64. Bb2 Bc8 65. Kd2 Ke4 66. Ba1 Bd7 67. a5 Kd5 68. Bb2 Bc8 69. Ba1 Kc5 70. Bb2 Ba6 71. Ba3+ Kb5 72. Bb2 Kc5 73. Ba3+ Kc6 74. Bb2 Kd5 75. Ba1 Bb5 76. Bb2 Ke4 77. Ba1 Ke5 78. Bb2 Kd5 79. Ba1 Kc5 80. Bb2 Ba6 81. Ba3+ Kb5 82. Bb2 Kc5 1/2-1/2

[Event "Swiss Championship 2024"]
[Site "Flims"]
[Date "2024.07.14"]
[Round "2.1"]
[White "Bogner, Sebastian"]
[Black "Klauser, Markus"]
[Result "1-0"]
[ECO "E16"]
[WhiteElo "2547"]
[BlackElo "2358"]
[Annotator "TA"]
[PlyCount "67"]
[EventDate "2024.07.10"]
[EventType "tourn"]
[EventCountry "SUI"]
[SourceTitle "playchess.com"]
[Source "ChessBase"]
[SourceQuality "1"]
[TimeControl "40/5400+30:1800+30"]

1. d4 Nf6 2. c4 e6 3. Nf3 Bb4+ 4. Bd2 a5 5. g3 b6 6. Bg2 Bb7 7. O-O Bxd2 8. Qxd2 d6 9. Qf4 Nbd7 10. Nc3 Qe7 {[%emt 0:06:49] White is slightly better.} 11. e4 e5 12. Qe3 O-O 13. Rfe1 Rfe8 14. Rad1 a4 15. h3 g6 16. Qc1 {[%emt 0:07:56] Black is now going downhill.} Qf8 17. Qc2 Ra5 18. Re3 exd4 (18... Rea8 $142) 19. Nxd4 $16 Nc5 20. Nd5 Bxd5 (20... Nxd5 $16 {was worth a try.} 21. cxd5 Rea8) 21. cxd5 $18 h5 22. Nc6 Raa8 23. f4 Qh6 {[%emt 0:00:50] [#]} 24. h4 $1 {[%emt 0:08:33] White is more active.} Ng4 25. Re2 $36 {[%emt 0:00:01][%mdl 2048] Keeping Black busy.} Qg7 26. Rde1 a3 (26... Kh7 $16 {is a better defense.} 27. e5 dxe5) 27. b4 Nd7 28. Qc4 Rac8 29. Bf3 Qf6 $2 {[%emt 0:03:33] [#]} (29... f6 30. Qc3 Qf7 31. Qxa3 Qg7) 30. Kg2 (30. Bxg4 $142 b5 31. e5 (31. Qxb5 hxg4 32. e5 Qh8 $18)) 30... Kh7 31. Bxg4 hxg4 32. Na7 Ra8 33. Qxc7 Qd8 34. Nb5 {[%emt 0:01:02] Weighted Error Value: White=0.14 (very precise) /Black=0.36.  Mistake:       	White=1     	Black=4      Inaccurate:     	---       	Black=2      OK:         	White=16    	Black=11     Best:        	White=1     	---} ({Weaker is} 34. Qxd6 Rxa7 35. e5 Qc7 36. Qxc7 Rxc7 $17) 1-0

[Event "Swiss Championship 2024"]
[Site "Flims"]
[Date "2024.07.14"]
[Round "2.2"]
[White "Georgiadis, Nico"]
[Black "Georgiadis, Ioannis"]
[Result "1/2-1/2"]
[ECO "A62"]
[WhiteElo "2512"]
[BlackElo "2483"]
[Annotator "TA"]
[PlyCount "61"]
[EventDate "2024.07.10"]
[EventType "tourn"]
[EventCountry "SUI"]
[SourceTitle "playchess.com"]
[Source "ChessBase"]
[SourceQuality "1"]
[TimeControl "40/5400+30:1800+30"]

1. d4 Nf6 2. c4 e6 3. g3 c5 4. d5 exd5 5. cxd5 d6 6. Nc3 g6 7. Bg2 Bg7 8. Nf3 O-O 9. O-O Re8 10. Bf4 Bf5 11. Nh4 Bg4 12. h3 Nh5 {[%emt 0:01:47] The position is equal.} 13. Bc1 Bd7 14. a4 Na6 15. Nf3 Nc7 16. Re1 b5 17. axb5 Nxb5 18. Nxb5 Bxb5 19. e4 Qb6 (19... a5 $11 {deserves consideration.}) 20. Qc2 $14 Nf6 21. Bd2 a5 22. e5 dxe5 23. Nxe5 a4 $1 24. Bc3 Qd6 25. Rad1 a3 26. bxa3 {[%emt 0:14:26] Black must now prevent Rb1.} Ba4 $1 27. Nc4 {[%emt 0:03:09] [#] Strongly threatening Qxa4.} Qa6 28. Qd3 Bxd1 29. Rxd1 Rab8 {[%emt 0:02:13] Threatens to win with ...Rb3.} 30. Be5 {[%emt 0:00:52][%mdl 1024] White has compensation. A strong pair of Bishops.} ({Much weaker is} 30. d6 Rb3 31. Rc1 Rxa3 $15 (31... Nd7 32. Bd5 $11)) 30... Rbd8 {[%emt 0:06:27] [#]} (30... Rbc8 $11) 31. Bc7 $1 {[%emt 0:01:06] Weighted Error Value: White=0.06 (flawless) /Black=0.16 (very precise) .  Mistake:       	---       	Black=2      Inaccurate:     	White=1     	Black=1      OK:         	White=9     	Black=9      Strong:       	White=1     	Black=2} 1/2-1/2

[Event "Swiss Championship 2024"]
[Site "Flims"]
[Date "2024.07.14"]
[Round "2.3"]
[White "Baenziger, Fabian"]
[Black "Kurmann, Oliver"]
[Result "1/2-1/2"]
[ECO "A25"]
[WhiteElo "2410"]
[BlackElo "2428"]
[Annotator "TA"]
[PlyCount "60"]
[EventDate "2024.07.10"]
[EventType "tourn"]
[EventCountry "SUI"]
[SourceTitle "playchess.com"]
[Source "ChessBase"]
[SourceQuality "1"]
[TimeControl "40/5400+30:1800+30"]

1. c4 e5 2. d3 Nc6 3. Nf3 Nge7 4. Nc3 g6 5. g3 Bg7 6. Bg2 O-O 7. O-O Nd4 8. e3 Nxf3+ 9. Bxf3 c6 10. Bd2 d6 11. b4 d5 12. cxd5 cxd5 13. Rc1 Be6 14. Qa4 f5 15. Bg2 e4 16. Ne2 Nc6 17. Nf4 Bf7 18. b5 Ne5 19. Ba5 Qf6 20. Bc3 g5 {[%emt 0:00:52] [#]} 21. Qd1 Qe7 ({Much weaker is} 21... gxf4 $6 22. gxf4 Qe7 23. fxe5 $14 (23. Bxe5 Bxe5 24. fxe5 Qxe5 $14)) 22. Bxe5 Bxe5 23. Ne2 Rfc8 24. dxe4 {[%emt 0:08:20] The position is equal.} dxe4 25. Qa4 Bh5 {[%emt 0:06:54] This pair of bishops is nice.} 26. Nd4 Qd7 27. Rxc8+ Rxc8 28. Qxa7 Bxd4 29. Qxd4 Qxd4 30. exd4 Be2 {[%emt 0:02:12] Weighted Error Value: White=0.09 (flawless) /Black=0.11 (very precise) .  Mistake:       	White=1     	---        Inaccurate:     	---       	Black=2      OK:         	White=13    	Black=8} 1/2-1/2

[Event "Swiss Championship 2024"]
[Site "Flims"]
[Date "2024.07.14"]
[Round "2.4"]
[White "Fischer, Daniel"]
[Black "Wyss, Jonas"]
[Result "1-0"]
[ECO "C03"]
[WhiteElo "2372"]
[BlackElo "2291"]
[Annotator "TA"]
[PlyCount "47"]
[EventDate "2024.07.10"]
[EventType "tourn"]
[EventCountry "SUI"]
[SourceTitle "playchess.com"]
[Source "ChessBase"]
[SourceQuality "1"]
[TimeControl "40/5400+30:1800+30"]

1. e4 e6 2. d4 d5 3. Nd2 c5 4. exd5 Qxd5 5. dxc5 Nf6 6. Ngf3 Qxc5 7. Bd3 Be7 8. O-O Nbd7 9. Ne4 Nxe4 10. Bxe4 Nf6 11. Bd3 O-O 12. Re1 b6 13. Ne5 Bb7 {[%emt 0:03:03] Prevents Qf3.} 14. Qe2 {[%emt 0:02:35] The position is equal.} Rad8 15. c3 Qd5 {[%emt 0:14:24][%csl Gb7][%cal Rd5g2] [#]} 16. f3 Bd6 {[%emt 0:05:38] Strongly threatening ...Qxe5.} 17. Bc2 Nh5 18. Kh1 f6 19. Ng4 f5 {[%emt 0:04:19] [#] Against Be4. Loses the game.} (19... Kh8 $11) 20. Bb3 $1 $18 Qc5 21. Qxe6+ $40 {[%emt 0:07:22][%mdl 128] White is out for blood.} (21. Bxe6+ Kh8 22. Be3 Qc7 $19) 21... Kh8 22. Ne5 Qc7 $2 (22... Bxe5 23. Qxe5 (23. Rxe5 Qf2 $18) 23... Qxe5 24. Rxe5 Rde8 25. Rxe8 Rxe8) 23. Nf7+ Rxf7 24. Qxf7 {[%emt 0:00:05] Weighted Error Value: White=0.03 (flawless) /Black=0.62.  Mistake:       	---       	Black=2      OK:         	White=6     	Black=5      Best:        	White=2     	Black=1      Strong:       	White=1     	---} 1-0

[Event "Swiss Championship 2024"]
[Site "Flims"]
[Date "2024.07.14"]
[Round "2.5"]
[White "Peng, Li Min"]
[Black "Stijve, Theo"]
[Result "1/2-1/2"]
[ECO "A01"]
[WhiteElo "2562"]
[BlackElo "2328"]
[Annotator "RC"]
[PlyCount "85"]
[EventDate "2024.07.10"]
[EventType "tourn"]
[EventCountry "SUI"]
[SourceTitle "playchess.com"]
[Source "ChessBase"]
[SourceQuality "1"]
[TimeControl "40/5400+30:1800+30"]

1. b3 e5 2. Bb2 Nc6 3. e3 d5 4. Bb5 Nge7 5. Nf3 f6 6. d4 e4 7. Nfd2 a6 8. Be2 Be6 9. c4 f5 10. O-O g6 11. f3 exf3 12. Nxf3 Bh6 13. Qd2 O-O 14. Nc3 Qd7 15. Rfe1 Rad8 16. Rad1 g5 17. Na4 b6 18. Ne5 Nxe5 19. dxe5 g4 20. Nc3 Qc8 21. cxd5 Nxd5 22. Nxd5 Rxd5 23. Qc3 Rxd1 24. Rxd1 Rd8 25. Rxd8+ Qxd8 26. Bxa6 Qd1+ 27. Kf2 Bg5 28. Bf1 Qb1 29. a3 Qd1 30. b4 Bh4+ 31. Kg1 Bg5 32. Bc1 b5 33. Qd2 Qxd2 34. Bxd2 c6 35. Bd3 Kf7 36. Kf2 h5 37. g3 h4 38. Ke2 h3 39. Bc3 Ke7 40. Bd4 Kd7 41. Kf2 Bh6 42. Bc2 Ke7 43. Bc5+ 1/2-1/2

[Event "Swiss Championship 2024"]
[Site "Flims"]
[Date "2024.07.15"]
[Round "3.1"]
[White "Stijve, Theo"]
[Black "Bogner, Sebastian"]
[Result "0-1"]
[ECO "E47"]
[WhiteElo "2328"]
[BlackElo "2547"]
[Annotator "TA"]
[PlyCount "94"]
[EventDate "2024.07.10"]
[EventType "tourn"]
[EventCountry "SUI"]
[SourceTitle "playchess.com"]
[Source "ChessBase"]
[SourceQuality "1"]
[TimeControl "40/5400+30:1800+30"]

1. d4 Nf6 2. c4 e6 3. Nc3 Bb4 4. e3 O-O 5. Bd3 Re8 6. Nf3 {[%emt 0:02:40] E47: Nimzoindisch (Moderne Variante).} d6 7. O-O Nbd7 8. Ne2 $146 ({Predecessor:} 8. Ne4 Nxe4 9. Bxe4 c6 10. a3 Ba5 11. b4 Bc7 12. Bb2 Qe7 13. Bc2 e5 14. e4 {0-1 Drygalov,A (2494)-Artemiev,V (2697) Moscow op-A 18th 2022 (4)}) 8... d5 9. b3 b6 10. Bb2 Bb7 11. Qc2 Bd6 12. Ne5 dxc4 13. Nxc4 e5 14. Nxd6 cxd6 15. Ng3 e4 16. Bb5 Nd5 17. Ba3 Rc8 18. Qd2 a6 19. Be2 N7f6 20. Nf5 Re6 21. Rfc1 Ra8 22. Rc2 Ne8 23. Bg4 Rg6 (23... Qg5 $11 24. Bh3 g6) 24. Bh3 $14 Bc8 25. Rac1 (25. Rxc8 $14 Rxc8 26. Ng3) 25... Bd7 (25... Rg5 $2 26. Rxc8 (26. Nh6+ gxh6 27. Rxc8 Rxc8 $18) 26... Rxc8 27. Rxc8 (27. Nh6+ gxh6 28. Rxc8 Qe7 $18) 27... Qxc8 28. Nh6+ (28. Bxd6 $2 Rxf5 29. Be5 h6 $19) 28... gxh6 29. Bxc8 $18) (25... Be6 $5 26. f3 exf3 $15) 26. Qe2 ({Besser ist} 26. g3 $11) 26... b5 ({Günstiger ist} 26... Qg5 $1 $15 27. f4 Qd8) 27. f3 $1 $14 Ndf6 $1 28. Kh1 (28. Bxd6 $2 Nxd6 29. Rc5 Bxf5 30. Bxf5 Nxf5 31. Rxf5 Rc8 $19) 28... Rb8 (28... a5 $11 {hält das Gleichgewicht.}) 29. d5 $16 (29. Bxd6 $2 Nxd6 30. fxe4 Ndxe4 $19 (30... Nfxe4 $2 31. Nxd6 Rxd6 32. Bxd7 $19)) 29... Rg5 30. fxe4 (30. Nxd6 $2 Bxh3 (30... Nxd5 $2 31. Nxe4 Re5 32. Bxd7 $18) 31. Nxe8 Rxg2 (31... Bxg2+ 32. Qxg2 Rxg2 33. Nxf6+ Kh8 34. Kxg2 $15) 32. Nxf6+ Qxf6 $19) 30... Nxe4 31. Qf3 N8f6 32. Rc7 (32. Nxd6 Bxh3 33. Nxe4 Nxe4 34. gxh3 (34. Qxh3 Rxd5 35. Qf3 Qe8 $14) (34. Qxe4 Bf5 $15) 34... Re5 $14) (32. Bb2 $16) 32... b4 $11 33. Bb2 Nc3 34. Ra7 $2 (34. Bxc3 $14 {bleibt weiter vorne.} Qxc7 35. Bb2) 34... Qb6 $2 {[%emt 0:01:26] [#]} (34... Bxf5 $19 35. Bxf5 Qb6) 35. Nxg7 $2 (35. Ne7+ $1 $14 {behält die Oberhand.} Kf8 36. Rxd7 Nxd7 37. Nc6) 35... Qxa7 (35... Bxh3 $142 36. Qxh3 Qxa7) 36. Qxf6 $19 Qxe3 (36... Rxg7 37. Rxc3) 37. Bxd7 Qd2 38. Qf1 (38. g3 $142 Rg6 (38... Rxg7 $2 39. Rxc3 bxc3 40. Bxc3 $19) (38... Qxd5+ $2 39. Kg1 $19) 39. Qf1 Rxg7 (39... Kxg7 $2 40. Qg2 $19) 40. Qg2) 38... Rxg7 $19 (38... Qxb2 $2 39. Nf5 $19) 39. Ba1 Rd8 (39... Qxd5 40. a3 $17) (39... Qxa2 40. Bxc3 bxc3 41. Rxc3) (39... Nxa2 40. Rd1 Qg5 41. Bxg7 Kxg7 42. Qxa6 $17) 40. Bc6 $2 (40. Re1) 40... Rg6 (40... Nxa2 41. Rd1 Qc2 42. Bxg7 Kxg7 43. Re1 $11) 41. a3 a5 (41... Nxd5 42. Bxd5 Qxd5 43. axb4 $19) 42. axb4 axb4 ({Minderwertig wäre} 42... Nxd5 43. bxa5 Ne3 (43... Qxa5 44. b4 $11) 44. Qe1 Qxe1+ 45. Rxe1 $11) 43. Bxc3 bxc3 44. h3 Rb8 45. Ra1 c2 46. Kh2 Rxb3 47. Ra7 Rxh3+ 0-1

[Event "Swiss Championship 2024"]
[Site "Flims"]
[Date "2024.07.15"]
[Round "3.2"]
[White "Wyss, Jonas"]
[Black "Peng, Li Min"]
[Result "0-1"]
[ECO "B13"]
[WhiteElo "2291"]
[BlackElo "2562"]
[Annotator "TA"]
[PlyCount "74"]
[EventDate "2024.07.10"]
[EventType "tourn"]
[EventCountry "SUI"]
[SourceTitle "playchess.com"]
[Source "ChessBase"]
[SourceQuality "1"]
[TimeControl "40/5400+30:1800+30"]

1. e4 c6 2. d4 d5 3. exd5 cxd5 4. Nf3 Nc6 5. Bb5 Bg4 6. c4 {[%emt 0:02:16] next cxd5 is good for White.} e6 7. c5 Bxf3 8. Qxf3 {[%emt 0:01:39] The position is equal.} g6 9. O-O Bg7 10. Rd1 (10. Bxc6+ {simplifies} bxc6 11. Qd3 Qb8 12. Nc3) 10... Nge7 11. Bg5 O-O 12. Bf6 Bxf6 13. Qxf6 Nf5 14. Qxd8 Rfxd8 15. Bxc6 bxc6 16. Nc3 Rab8 17. b3 Rb4 18. Ne2 a5 {[%emt 0:00:14] Black is more active.} 19. g4 Nh4 20. f4 a4 21. Rd3 h6 22. Rb1 Rdb8 23. Kf2 g5 24. fxg5 ({Better is} 24. a3 Rxb3 25. Rdxb3 axb3 26. Rb2) 24... hxg5 $17 25. Nc1 f5 26. a3 $2 {[%emt 0:06:45] This move loses the game for White.} (26. gxf5 $17 Nxf5 27. Ne2) 26... Rc4 $19 27. bxc4 Rxb1 28. cxd5 exd5 {[%emt 0:00:06][%mdl 4096] Endgame. KRN-KRN} (28... Rxc1 $2 {loses.} 29. dxc6 Ng6 (29... fxg4 $2 {is the wrong capture.} 30. c7 $18) (29... Rc2+ $2 30. Ke1 $18) 30. c7 $18) 29. Ne2 f4 ({Much less strong is} 29... fxg4 30. Rg3 Kf7 31. Rxg4 $19) 30. h3 Rb2 {[%emt 0:02:28] [#] aiming for ...f3.} 31. Kf1 f3 32. Ng1 (32. Ng3 $142 Rb3 33. Rd2) 32... Rb3 33. Rd2 Rxa3 34. Rb2 Rb3 35. Ra2 a3 36. Ra1 {[%emt 0:00:27] Wards off Rb1+} Kg7 {[%emt 0:00:10] [#] And now ...Kf6 would win.} 37. Ra2 Rb1+ {[%emt 0:00:06] Weighted Error Value: White=0.56/Black=0.04 (flawless) .  Mistake:       	White=3     	---        Inaccurate:     	White=3     	---        OK:         	White=10    	Black=14     Best:        	---       	Black=3} 0-1

[Event "Swiss Championship 2024"]
[Site "Flims"]
[Date "2024.07.15"]
[Round "3.3"]
[White "Kurmann, Oliver"]
[Black "Fischer, Daniel"]
[Result "1/2-1/2"]
[ECO "C65"]
[WhiteElo "2428"]
[BlackElo "2372"]
[Annotator "TA"]
[PlyCount "61"]
[EventDate "2024.07.10"]
[EventType "tourn"]
[EventCountry "SUI"]
[SourceTitle "playchess.com"]
[Source "ChessBase"]
[SourceQuality "1"]
[TimeControl "40/5400+30:1800+30"]

1. e4 e5 2. Nf3 Nc6 3. Bb5 Nf6 4. d3 Bc5 5. Bxc6 dxc6 6. O-O (6. Nxe5 $2 {ist das falsche Schlagen.} Qd4 7. Qe2 Qxe5 $19) 6... Nd7 7. c3 Bd6 8. d4 {[%emt 0:01:49] Weiß hat minimalen Vorteil.} O-O 9. Bg5 f6 10. Bh4 Qe8 11. Nbd2 a5 12. Bg3 exd4 13. Bxd6 cxd6 14. Nxd4 {[%emt 0:00:07] Die Stellung ist ausgeglichen.} Nc5 15. Re1 Qf7 {[%emt 0:06:07] Verhindert Nc4} 16. Re3 {[%emt 0:00:59] Wehrt Nd3 ab} a4 17. Qe2 Be6 18. a3 Rad8 19. Re1 Rfe8 20. h3 Bd7 21. Nf1 d5 22. exd5 Qxd5 23. Qc2 Qf7 24. Ng3 Rxe3 25. Rxe3 Re8 26. Ne4 Nxe4 27. Rxe4 c5 28. Nf5 Bxf5 29. Rxe8+ Qxe8 30. Qxf5 Qb5 31. Qd5+ {[%emt 0:27:13] Hier war wenig los.   Gewichteter Fehlerwert: Weiß=0.03 (makellos) /Schwarz=0.03 (makellos) .  OK:         	Weiß=12    	Schwarz=11    Bester:       	Weiß=1     	---} 1/2-1/2

[Event "Swiss Championship 2024"]
[Site "Flims"]
[Date "2024.07.15"]
[Round "3.4"]
[White "Georgiadis, Ioannis"]
[Black "Baenziger, Fabian"]
[Result "1/2-1/2"]
[ECO "A14"]
[WhiteElo "2483"]
[BlackElo "2410"]
[Annotator "TA"]
[PlyCount "86"]
[EventDate "2024.07.10"]
[EventType "tourn"]
[EventCountry "SUI"]
[SourceTitle "playchess.com"]
[Source "ChessBase"]
[SourceQuality "1"]
[TimeControl "40/5400+30:1800+30"]

1. d4 Nf6 2. c4 e6 3. Nf3 d5 4. g3 Be7 5. Bg2 O-O 6. O-O a5 7. Nc3 c6 8. b3 b6 9. Bb2 Ba6 10. a3 Nbd7 11. Re1 Rc8 12. Nd2 c5 13. e3 cxd4 14. exd4 Nb8 15. cxd5 exd5 16. Nf1 Bb7 17. Ne3 Na6 18. Rc1 {[%emt 0:08:29][%cal Oc3d5] Ncxd5! ist eine echte Drohung.} Nc7 19. Na4 Nb5 20. Nf5 Rxc1 21. Qxc1 ({Viel schwächer wäre} 21. Bxc1 $6 Bxa3 22. Bxa3 Nxa3 $11) ({Ein No Go ist} 21. Nxe7+ Qxe7 22. Bxc1 (22. Qxc1 Qd6 $11) 22... Qd6 $11) 21... Bd6 {[%emt 0:00:03] [#]} 22. Bf1 $1 $36 {[%emt 0:04:47][%mdl 2048] Läuft bei Weiss.} Na7 23. Qg5 g6 24. Bc1 Nc8 25. Qh4 {[%emt 0:05:54] Weiß steht deutlich aktiver.} Ne4 {[%emt 0:01:33] Verhindert Bg5} (25... gxf5 $2 {ist das falsche Schlagen.} 26. Bg5 Be7 27. Rxe7 $18) 26. Qxd8 Rxd8 27. Nxd6 Rxd6 (27... Nexd6 $16 {war angesagt.} 28. Bg5 Rf8) 28. f3 $18 Nf6 29. Bf4 {[%emt 0:03:00] Schwarz hat schwache schwarze Felder} Rc6 30. Bh3 (30. Bb5 $18 Re6 31. Rxe6 fxe6 32. Bc7) 30... Nd6 $16 31. Bxd6 Rxd6 32. Rc1 Ba6 33. Rc7 Bb5 34. Nc3 Be8 35. b4 axb4 36. axb4 Rc6 37. Rxc6 Bxc6 $14 {[%emt 0:00:05][%mdl 4096] Endspiel. KBN-KBN} 38. b5 Be8 39. f4 (39. g4 $14) 39... Kf8 $11 {[%emt 0:01:01] Die Stellung ist ausgeglichen.} 40. Bg2 Ke7 41. Bxd5 Bxb5 $1 42. Bxf7 Kxf7 43. Nxb5 Ke6 {[%emt 0:00:00] Gewichteter Fehlerwert: Weiß=0.09 (makellos) /Schwarz=0.12 (sehr präzise) .  Fehler:       	Weiß=2     	Schwarz=1     Ungenau:       	Weiß=2     	Schwarz=2     OK:         	Weiß=15    	Schwarz=14    Bester:       	Weiß=3     	Schwarz=2     Stark:        	Weiß=1     	Schwarz=1} 1/2-1/2